 Dungeon Crawl Stone Soup version 0.20-a0-1036-g4d371cd (webtiles) character file.

3180 Rrauwl the Martial Artist (level 10, -5/60 HPs)
             Began as a Kobold Monk on Apr 22, 2017.
             Was a Priest of the Shining One.
             Slain by a phantasmal warrior (30 damage)
             ... led by a death knight
             ... on level 8 of the Dungeon.
             The game lasted 00:20:10 (6153 turns).

Rrauwl the Martial Artist (Kobold Monk)             Turns: 6153, Time: 00:20:10

Health: -5/60      AC:  9    Str: 11    XL:     10   Next: 16%
Magic:  17/20      EV: 14    Int: 12    God:    the Shining One [***...]
Gold:   403        SH:  7    Dex: 20    Spells: 9/9 levels left

rFire    + . .     SeeInvis .     - Unarmed
rCold    . . .     Gourm    .   (shield restricted)
rNeg     + . .     Faith    .   y - +0 scale mail {rF+}
rPois    .         Spirit   .   l - +1 helmet
rElec    .         Reflect  .   (no cloak)
rCorr    .         Harm     .   (no gloves)
MR       .....                  (no boots)
Stlth    +.........             i - amulet of regeneration
Regen    0.6/turn               q - ring of magical power
MPRegen  0.2/turn               (no ring)

@: divine shield, glowing
A: rugged brown scales 1, agile 1, carnivore 3
a: Divine Shield, Renounce Religion


You were on level 8 of the Dungeon.
You worshipped the Shining One.
The Shining One was most pleased with you.
You were completely stuffed.

You visited 2 branches of the dungeon, and saw 9 of its levels.

You collected 403 gold pieces.

Inventory:

Hand Weapons
 k - a +0 hand crossbow of electrocution
Missiles
 n - 13 bolts
Armour
 a - a +0 robe
 l - a +1 helmet (worn)
 y - a +0 scale mail of fire resistance (worn)
Jewellery
 i - an amulet of regeneration (around neck)
 q - a ring of magical power (left hand)
Wands
 v - a wand of paralysis (8/24)
Scrolls
 d - 2 scrolls of enchant armour
 h - 4 scrolls of teleportation
 j - 2 scrolls of identify
 o - 2 scrolls of remove curse
 u - 2 scrolls of magic mapping
 w - a scroll of blinking
Potions
 c - a potion of might
 e - 2 potions of flight
 f - 3 potions of resistance
 g - a potion of brilliance
 m - a potion of ambrosia
 p - 2 potions of heal wounds
 r - a potion of cancellation
Books
 s - a book of Cantrips

   Spells                             Type                      Level
   a - Confusing Touch                Hexes                        1
   b - Animate Skeleton               Necromancy                   1
   c - Summon Small Mammal            Summoning                    1
   d - Apportation                    Translocation                1
Comestibles
 b - 5 meat rations
 t - 6 royal jellies
 x - 10 chunks of flesh


   Skills:
 - Level 5.0 Fighting
 + Level 7.8 Crossbows
 + Level 3.0 Armour
 - Level 5.0 Dodging
 - Level 5.3 Stealth
 + Level 10.6 Unarmed Combat
 + Level 1.6 Invocations


You had 9 spell levels left.
You didn't know any spells.

Dungeon Overview and Level Annotations

Branches:
Dungeon (8/15)             Temple (1/1) D:7
   Lair: D:8-11

Altars:
Ashenzari
Cheibriados
Dithmenos
Elyvilon
Fedhas
Gozag
Hepliaklqana
Kikubaaqudgha
Nemelex Xobeh
Okawaru
Qazlal
Ru
Sif Muna
Trog
Uskayaw
Vehumet
Wu Jian
Xom
Yredelemnul
Zin
The Shining One


Innate Abilities, Weirdness & Mutations

You are small and have problems with some larger weapons.
You are carnivorous and can eat meat at any time.
You are partially covered in rugged brown scales. (AC +1, +3% HP)
You are agile. (Dex +2)


Message History

Found 9 gold pieces.
It was a potion of mutation.
You feel extremely strange.
Your vision sharpens.
You feel more encumbered by your armour.
Your yellow scales disappear.
You feel agile.
Rugged brown scales grow over part of your body.
The phantasmal warrior closely misses you.
A wraith comes into view.
A divine shield forms around you!
You feel slightly less full.
The phantasmal warrior hits you but does no damage.
You barely miss the phantasmal warrior. The phantasmal warrior hits you!!
You hit the phantasmal warrior.
The phantasmal warrior is lightly damaged.
The phantasmal warrior hits you!
You hit the phantasmal warrior but do no damage.
Your punch misses the phantasmal warrior.
The phantasmal warrior is lightly damaged.
The phantasmal warrior hits you!!
Ouch! That really hurt!
You die...

.#...## #.....##
#......### #W
##........## #..
#.÷).......### #...
#............# #p.§.
#..>.....<...# #W...#
#...........###.....#
#..........#@#.$...#
##........####Wp...#
#........###.......#
###..#...## #.####.##
##⌠#.###### #. .#
##....# # .# #..⌠###
.# ...## . .)##


You could see a death knight and a phantasmal warrior.

Vanquished Creatures
  The ghost of xsansara the Cleaver, a novice GrBe of Trog (D:7)
  A hippogriff (D:8)
  A water moccasin (D:5)
  2 black bears
  3 ice beasts
  2 sky beasts (D:6)
  3 ogres
  3 centaurs
  A bullfrog (D:6)
  A water moccasin skeleton (D:6)
  A scorpion (D:5)
  5 wights (D:6)
  4 crimson imps
  2 hounds
  2 bullfrog skeletons
  A centaur skeleton (D:4)
  6 iguanas
  6 worker ants
  3 orc wizards (D:7)
  A killer bee zombie (D:7)
  A hound skeleton (D:4)
  2 worker ant zombies
  A howler monkey skeleton (D:6)
  10 adders
  2 shadow imps
  An ooze (D:7)
  3 worms
  2 dart slugs
  2 leopard geckos
  14 orcs
  2 bats
  A giant cockroach (D:6)
  4 goblins
  3 hobgoblins
  5 jackals
  6 kobolds
  2 quokkas (D:3)
  A ball python (D:2)
  3 frilled lizards
  A jackal skeleton (D:4)
  7 rats
122 creatures vanquished.

Notes
Turn   | Place    | Note
-------+----------+-------------------------------------------
     0 | D:1      | Rrauwl the Kobold Monk began the quest for the Orb.
     0 | D:1      | Reached XP level 1. HP: 16/16 MP: 1/1
   303 | D:1      | Reached skill level 5 in Dodging
   406 | D:1      | Reached XP level 2. HP: 20/20 MP: 2/2
   501 | D:1      | Reached skill level 1 in Unarmed Combat
   813 | D:2      | Reached XP level 3. HP: 13/24 MP: 3/3
  1421 | D:2      | Reached skill level 2 in Unarmed Combat
  1671 | D:3      | Found a basalt altar of Yredelemnul.
  1773 | D:3      | Reached skill level 5 in Fighting
  1773 | D:3      | Reached XP level 4. HP: 30/31 MP: 4/4
  1966 | D:3      | Found a white marble altar of Elyvilon.
  2054 | D:3      | Reached skill level 3 in Unarmed Combat
  2318 | D:4      | Reached XP level 5. HP: 22/35 MP: 5/5
  2366 | D:4      | Reached skill level 4 in Unarmed Combat
  2507 | D:4      | Reached XP level 6. HP: 20/40 MP: 6/6
  2572 | D:4      | Found a faded altar of an unknown god.
  2572 | D:4      | Found a faded altar of an unknown god.
  2578 | D:4      | Found an ancient bone altar of Kikubaaqudgha.
  2580 | D:4      | Found a sparkling altar of Nemelex Xobeh.
  2582 | D:4      | Found a glowing golden altar of the Shining One.
  2588 | D:4      | Became a worshipper of the Shining One
  2588 | D:4      | Reached * piety under the Shining One
  2588 | D:4      | Reached ** piety under the Shining One
  2668 | D:4      | Reached skill level 5 in Unarmed Combat
  3077 | D:4      | Noticed an ogre
  3085 | D:4      | Killed an ogre
  3085 | D:4      | Reached skill level 6 in Unarmed Combat
  3085 | D:4      | Reached XP level 7. HP: 44/44 MP: 3/7
  3194 | D:5      | Entered Level 5 of the Dungeon
  3310 | D:5      | Reached skill level 7 in Unarmed Combat
  3424 | D:5      | Found an iron altar of Okawaru.
  3604 | D:5      | Reached skill level 8 in Unarmed Combat
  3604 | D:5      | Reached XP level 8. HP: 39/49 MP: 8/8
  4279 | D:6      | Reached skill level 1 in Crossbows
  4431 | D:6      | Reached skill level 9 in Unarmed Combat
  4571 | D:6      | Gained mutation: Armour fits poorly on your strangely shaped body. [mutagenic meat]
  4572 | D:6      | Lost mutation: Armour fits poorly on your strangely shaped body. [mutagenic meat]
  4573 | D:6      | Gained mutation: You are partially covered in yellow scales. (AC +2) [mutagenic meat]
  4574 | D:6      | Gained mutation: Your movements are slightly less encumbered by armour. (ER -2) [mutagenic meat]
  4575 | D:6      | Gained mutation: Scrolls take you a little longer to read. [mutagenic meat]
  4680 | D:6      | Reached XP level 9. HP: 54/54 MP: 9/9
  4794 | D:6      | Reached *** piety under the Shining One
  4814 | D:6      | Reached skill level 5 in Crossbows
  4917 | D:6      | Found a shattered altar of Ashenzari.
  5250 | D:7      | Noticed xsansara's ghost (novice GrBe)
  5262 | D:7      | Killed xsansara's ghost
  5262 | D:7      | Reached skill level 1 in Armour
  5262 | D:7      | Reached skill level 10 in Unarmed Combat
  5570 | D:7      | Found a staircase to the Ecumenical Temple.
  5582 | D:7      | Reached XP level 10. HP: 54/59 MP: 10/10
  5588 | Temple   | Entered the Ecumenical Temple
  6009 | D:7      | Reached skill level 1 in Invocations
  6147 | D:8      | Noticed a death knight
  6147 | D:8      | Noticed a phantasmal warrior
  6148 | D:8      | Lost mutation: Scrolls take you a little longer to read. [potion of mutation]
  6148 | D:8      | Lost mutation: Your movements are slightly less encumbered by armour. (ER -2) [potion of mutation]
  6148 | D:8      | Lost mutation: You are partially covered in yellow scales. (AC +2) [potion of mutation]
  6148 | D:8      | Gained mutation: You are agile. (Dex +2) [potion of mutation]
  6148 | D:8      | Gained mutation: You are partially covered in rugged brown scales. (AC +1, +3% HP) [potion of mutation]
  6153 | D:8      | Slain by a phantasmal warrior

Vault maps used:
D:1:      roderic_chinese_lattice_arrival, minivault_4
D:3:      kennysheep_ying_yang
D:4:      chequers_temple_overflow_minitemple
D:5:      black_bear_nest_2, okawaru_ov_weapons_minmay, first_bread
D:6:      kennysheep_mini_moat
D:7:      minmay_temple_entry_poolview, grunt_decor_one_mirror, grunt_ogre_cave
D:8:      david_lair_generic, grunt_ministairs_8, uniq_grum
Temple:   dpeg_chambers_temple

Skill      XL: |  1  2  3  4  5  6  7  8  9 10 |
---------------+-------------------------------+-----
Dodging        | 5 |  5.0
Unarmed Combat | 1 2 3 4 6 8 9 10 | 10.6
Fighting       | 5 |  5.0
Crossbows      | 4 7 |  7.8
Armour         | 2 3 |  3.0
Invocations    | 1 |  1.6
Stealth        | |  5.3

Action                   |  1- 3 |  4- 6 |  7- 9 | 10-12 || total
-------------------------+-------+-------+-------+-------++-------
Melee: Unarmed           |   183 |   200 |   290 |    35 ||   708
       Punch             |       |     3 |    14 |     2 ||    19
Invok: Divine Shield     |       |     1 |       |     1 ||     2
  Use: Potion            |     1 |     6 |     4 |     1 ||    12
       Scroll            |     1 |     7 |     6 |       ||    14
 Stab: Sleeping          |     9 |     6 |       |       ||    15
  Eat: Chunk             |    11 |     5 |    13 |     2 ||    31
Armor: Robe              |    24 |    13 |    19 |       ||    56
       Scale mail        |       |       |    19 |    14 ||    33
Dodge: Dodged            |   147 |   118 |   160 |    26 ||   451
